 Dungeon Crawl Stone Soup version 0.25-a0-110-ge29c8f2358 (webtiles) character file.

Game seed: 5077639018215294901, levelgen mode: deterministic

75 vurker the Skirmisher (level 4, -5/37 HPs)
             Began as a Formicid Abyssal Knight on Nov 19, 2019.
             Was a Follower of Lugonu.
             Slain by a gnoll
             ... wielding a +0 whip
              (9 damage)
             ... on level 3 of the Dungeon.
             The game lasted 00:03:07 (2262 turns).

vurker the Skirmisher (Formicid Abyssal Knight)     Turns: 2262, Time: 00:03:07

Health: -5/37      AC:  5    Str: 18    XL:     4   Next: 55%
Magic:  6/6        EV: 10    Int: 11    God:    Lugonu [*.....]
Gold:   63         SH:  3    Dex: 10    Spells: 3/3 levels left

rFire    . . .     SeeInvis +   a - +1 hand axe
rCold    + . .     Gourm    .   d - +0 buckler
rNeg     . . .     Faith    .   k - +0 ring mail
rPois    .         Spirit   .   (helmet unavailable)
rElec    .         Reflect  .   (no cloak)
rCorr    .         Harm     .   (no gloves)
MR       .....                  (no boots)
Stlth    ..........             (no amulet)
HPRegen  0.12/turn              f - ring of protection from cold
MPRegen  0.10/turn              (no ring)

@: no status effects
A: permanent stasis, dig shafts and tunnels, four strong arms, antennae 3
a: Dig, Shaft Self, Depart the Abyss, Renounce Religion


You were on level 3 of the Dungeon.
You worshipped Lugonu.
Lugonu was aware of your devotion.
You were not hungry.

You visited 1 branch of the dungeon, and saw 3 of its levels.
You visited the Abyss 1 time.

You collected 63 gold pieces.

Inventory:

Hand Weapons
 a - a +1 hand axe (weapon)
Armour
 d - a +0 buckler (worn)
   (You found it on level 2 of the Dungeon)
 k - a +0 ring mail (worn)
   (You found it on level 2 of the Dungeon)
Jewellery
 f - a ring of protection from cold (left hand)
   (You found it on level 1 of the Dungeon)
Scrolls
 c - a scroll of magic mapping
Potions
 b - 2 potions of invisibility
 i - 6 potions of curing
Comestibles
 e - 4 rations
 g - 4 chunks of flesh


   Skills:
 + Level 3.9 Fighting
 * Level 3.4 Axes
 - Level 2.1 Armour
 - Level 0.8 Dodging
 + Level 0.2 Shields
 + Level 3.1 Invocations


You had 3 spell levels left.
You didn't know any spells.
Your spell library was empty.

Dungeon Overview and Level Annotations

Branches:
Dungeon (3/15)

Altars:
Makhleb


Innate Abilities, Weirdness & Mutations

You cannot be hasted, slowed, berserked, paralysed or teleported.
You can dig through walls and to a lower floor.
Your four strong arms can wield two-handed weapons with a shield.
You have a pair of large antennae on your head. (SInv)


Message History

You butcher the worm corpse.
g - 5 chunks of flesh (gained 3)
You sense a monster nearby.
Found 22 bolts.
You sense a monster nearby.
A rat comes into view.
A rat is nearby!
A rat is nearby!
The rat bites you but does no damage.
You see here 22 bolts.
You hit the rat. The rat bites you but does no damage.
You hit the rat. The rat bites you.
You hit the rat but do no damage. The rat bites you. The rat barely misses you.
You hit the rat.
You kill the rat!
Lugonu accepts your kill.
No target in view!
No target in view!
No target in view!
No target in view!
No target in view!
No target in view!
No target in view!
No target in view!
No target in view!
Some of the chunks of flesh in your inventory have rotted away.
You butcher the rat corpse.
g - 4 chunks of flesh (gained 1)
You see here a rat skeleton. x2
You sense a monster nearby.
A gnoll comes into view. It is wielding a +0 whip.
The gnoll shouts!
You hear a shout! x2
A gnoll comes into view. It is wielding a +0 spear.
A gnoll comes into view. It is wielding a +0 whip.
A gnoll comes into view. It is wielding a +0 whip.
The gnoll shouts!
You see here 22 bolts.
The gnoll hits you with a +0 whip!
You completely miss the gnoll. The gnoll hits you with a +0 whip.
You hit the gnoll but do no damage. The gnoll barely misses you. x2
The gnoll hits you from afar with a +0 spear.
You completely miss the gnoll. The gnoll hits you with a +0 whip!
* * * LOW HITPOINT WARNING * * *
The gnoll hits you from afar with a +0 spear!
* * * LOW HITPOINT WARNING * * *
You slash the gnoll! The gnoll closely misses you.
The gnoll hits you but does no damage.
Your shield and ring mail prevent you from hitting the gnoll.
The gnoll hits you with a +0 whip!
You die...

######## #......#
#.####.########
#####.####........#
......#........##.#####
.###..#.##..##........#
. #....##..#####.###.#
.###.......รท#####.# #.#
.....######.gggg@.###.##
##.### ##########...#
##.#### ######### #..##
..{...# #.......# #.##
.#.##.# #.......# #.#
.#.##.# #.......# #.#
#..{.# #.......# #.#
###.g# #.......# #.#
#g.# #.......# #.#


You could see 4 gnolls.

Vanquished Creatures
  A gnoll (D:1)
  An adder (D:2)
  An ooze (D:2)
  2 worms
  A dart slug (D:2)
  2 leopard geckos
  A giant cockroach (D:1)
  9 goblins
  3 hobgoblins
  3 jackals (D:1)
  A quokka (D:2)
  8 bats
  4 kobolds
  3 rats
40 creatures vanquished.

Notes
Turn   | Place    | Note
-------+----------+-------------------------------------------
     0 | Abyss:1  | vurker the Formicid Abyssal Knight began the quest for the
                  | Orb.
     0 | Abyss:1  | Reached XP level 1. HP: 18/18 MP: 2/2
    76 | Abyss:1  | Noticed an unseen horror
    77 | D:1      | Escaped the Abyss
   287 | D:1      | Reached * piety under Lugonu
   287 | D:1      | Reached XP level 2. HP: 24/24 MP: 3/3
   450 | D:1      | Reached XP level 3. HP: 28/29 MP: 4/4
  1409 | D:2      | Reached XP level 4. HP: 30/37 MP: 6/6
  1581 | D:2      | Found a burning altar of Makhleb.
  2262 | D:3      | Slain by a gnoll

Levels and vault maps discovered:
D:1:      dpeg_arrival_subterranean_lakeside_camping, layout_basic
D:2:      layout_basic, old_standard_altar
D:3:      layout_loops_cross, fiery_altar_vehumet, old_standard_altar,
          nicolae_gozag_zags_fifth_avenue, uniq_robin

Skill      XL: |  1  2  3 |
---------------+----------+-----
Axes           | 3 |  3.4
Invocations    | 3 |  3.1
Fighting       | |  3.9
Armour         | |  2.1
Dodging        | |  0.8
Shields        | |  0.2

Action                   |  1- 3 |  4- 6 || total
-------------------------+-------+-------++-------
Melee: Hand axe          |    90 |    49 ||   139
Invok: Depart the Abyss  |     1 |       ||     1
  Use: Scroll            |       |     7 ||     7
  Eat: Chunk             |     1 |     3 ||     4
Armor: Leather armour    |    28 |     5 ||    33
       Ring mail         |       |    12 ||    12
Dodge: Dodged            |    74 |    24 ||    98
Block: Buckler           |       |     3 ||     3

Table legend:
 A = Non-vault XP
 B = Vault XP
 C = Vault XP percentage of total XP
 D = Non-vault monster count
 E = Vault monster count
 F = Vault count percentage of total count
                 A         B        C        D         E       F
            +---------+---------+-------+---------+---------+-------
      Total |     100 |       8 |   7.4 |      34 |       6 |  15.0
            +---------+---------+-------+---------+---------+-------
        D:1 |      43 |       8 |  15.7 |      16 |       6 |  27.3
        D:2 |      51 |       0 |   0.0 |      16 |       0 |   0.0
        D:3 |       6 |       0 |   0.0 |       2 |       0 |   0.0
            +---------+---------+-------+---------+---------+-------
